Map: Crimson Court LE

Players

xBenx

  • Race: Zerg Zerg
  • League: Gold
  • Spawn Location: 7:00

Tbag - Winner!

  • Race: Terran Terran
  • League: Gold
  • Spawn Location: 1:00

VOD

Have the link to the VOD?

Description

xBenx vs Tbag

Time

  • Played on: April 10, 2024, 8:12 p.m.
  • Length: 9:15
Show
View Real Time Build Order
Export as new Build Order

xBenx Zerg 

Build Orders: Hatch First 

Get SALT Encoding   

  12  0:02  Drone  
  13  0:19  Drone  
  14  0:42  Overlord  
  14  0:45  Hatchery  
  13  0:52  Drone  
  14  0:57  Extractor  
  14  0:58  Drone  
  14  1:10  Drone  
  15  1:27  Spawning Pool  
  14  1:45  Overlord  
  14  1:53  Drone x2  
  16  1:59  Drone  
  16  2:00  Drone  
  18  2:14  Queen x2  
  22  2:22  Drone x2  
  24  2:28  Drone  
  25  2:35  Spine Crawler  
  24  2:41  Spine Crawler  
  24  3:05  Drone x3  
  24  3:08  Zergling x6  
  29  3:25  Drone x2, Spine Crawler  
  29  3:26  Drone  
  29  3:27  Drone  
  32  3:43  Metabolic Boost  
  31  3:50  Zergling x4  
  31  3:53  Roach Warren  
  31  3:54  Drone x3  
  35  4:03  Drone  
  35  4:06  Overlord x2, Extractor  
  35  4:07  Extractor  
  34  4:12  Overlord  
  34  4:23  Lair  
  34  4:28  Extractor  
  33  4:33  Spore Crawler, Drone x3  
  33  4:34  Drone  
  33  4:35  Spore Crawler  
  34  4:49  Hatchery  
  33  4:54  Overlord  
  33  5:00  Pneumatized Carapace  
  33  5:13  Drone x3  
  36  5:18  Evolution Chamber  
  36  5:19  Evolution Chamber  
  34  5:29  Spore Crawler, Spine Crawler  
  34  5:31  Drone x3  
  35  5:40  Hydralisk Den  
  34  5:43  Roach  
  27  6:05  Roach  
  27  6:06  Roach x3  
  34  6:16  Grooved Spines  
  34  6:22  Spine Crawler  
  34  6:23  Drone x3  
  36  6:26  Drone x2  
  36  6:31  Drone x2  
  40  6:44  Baneling Nest  
  40  6:46  Spine Crawler  
  38  6:57  Spine Crawler  
  37  7:03  Drone x3  
  40  7:21  Roach x5  
  50  7:27  Muscular Augments  
  50  7:34  Hydralisk  
  50  7:35  Hydralisk  
  54  7:38  Drone  
  54  7:43  Drone  
  56  7:46  Spore Crawler  
  56  7:49  Spore Crawler  
  54  7:59  Drone x2  
  56  8:07  Hydralisk x2  
  58  8:21  Hydralisk  
  60  8:27  Spore Crawler  
  60  8:29  Spore Crawler  
  60  8:33  Spore Crawler  
  60  8:34  Drone x2  
  59  8:35  Spore Crawler  
  50  8:54  Zergling x6  
Show
View Real Time Build Order
Export as new Build Order

Tbag Terran - Winner!

Build Orders: Reaper Expand 

Get SALT Encoding   

  12  0:00  SCV  
  13  0:12  SCV  
  14  0:17  Supply Depot  
  14  0:24  SCV  
  15  0:39  Barracks, SCV  
  16  0:51  SCV  
  16  0:53  Refinery  
  17  1:03  SCV  
  18  1:15  SCV  
  19  1:28  Orbital Command  
  19  1:45  Command Center, Reaper  
  20  1:54  SCV  
  20  1:55  Supply Depot  
  21  2:06  Barracks  
  21  2:09  SCV  
  22  2:16  Refinery  
  22  2:18  Marine  
  22  2:21  SCV  
  24  2:30  Factory  
  24  2:33  SCV  
  25  2:41  Barracks Tech Lab  
  25  2:45  SCV  
  26  2:54  Marine  
  26  2:57  SCV  
  26  2:58  Orbital Command  
  28  3:08  Marine  
  28  3:09  Barracks, SCV  
  30  3:15  Marine  
  31  3:21  SCV  
  31  3:24  SCV  
  33  3:28  Marine, Factory Reactor  
  33  3:29  Starport  
  33  3:32  Stimpack  
  33  3:33  SCV  
  35  3:36  Marine  
  35  3:37  SCV  
  37  3:43  Supply Depot  
  37  3:48  Marine, SCV  
  38  3:50  SCV  
  38  3:53  Marine  
  41  4:02  SCV  
  41  4:03  Marine, SCV  
  41  4:05  Marine  
  44  4:11  Marine  
  44  4:13  Medivac  
  44  4:14  Supply Depot, SCV  
  44  4:15  SCV  
  49  4:17  Factory Tech Lab  
  49  4:24  Engineering Bay  
  49  4:25  Marine  
  49  4:26  SCV  
  49  4:27  Barracks Reactor, SCV  
  52  4:37  Supply Depot  
  52  4:38  SCV  
  52  4:39  Supply Depot, SCV  
  52  4:41  Marine  
  52  4:43  Marine  
  56  4:46  Medivac x2  
  56  4:50  SCV  
  56  4:51  Refinery, SCV  
  62  4:53  Terran Infantry Weapons Level 1, Refinery  
  62  4:59  Supply Depot  
  62  5:02  Supply Depot  
  62  5:03  SCV x2  
  62  5:06  Marine x2, Barracks Reactor  
  66  5:10  Marine  
  66  5:12  Hellion  
  69  5:15  SCV x2  
  71  5:27  Command Center  
  71  5:28  Marine  
  71  5:29  Marine  
  71  5:31  Marine  
  74  5:42  SCV x2  
  76  5:44  Combat Shield  
  76  5:46  Marine x2  
  76  5:49  Marine  
  79  5:54  SCV  
  80  6:04  Marine x3  
  79  6:05  SCV  
  79  6:06  SCV  
  79  6:09  Armory, Engineering Bay  
  84  6:12  Marine x2  
  84  6:13  Supply Depot  
  84  6:16  Siege Tank  
  84  6:17  Medivac x2, SCV  
  94  6:31  Supply Depot  
  94  6:32  Supply Depot  
  94  6:35  Marine x5, SCV x2  
  101  6:47  SCV x2  
  101  6:51  Terran Infantry Armor Level 1  
  101  6:52  Marine x2  
  101  6:53  Supply Depot, Marine x2  
  107  6:54  Supply Depot  
  107  6:56  Terran Infantry Weapons Level 2  
  107  6:59  Marine, SCV  
  109  7:07  Concussive Shells  
  109  7:10  Marine x4  
  109  7:12  SCV x2  
  109  7:14  Barracks x2  
  109  7:15  Barracks  
  115  7:17  Orbital Command  
  115  7:20  Marine  
  116  7:24  SCV  
  116  7:25  SCV  
  116  7:28  Marine x2  
  116  7:29  Marine x2  
  122  7:38  Marine  
  122  7:42  Siege Tank, Medivac  
  128  7:45  Supply Depot  
  128  7:46  Marine x2  
  128  7:47  Refinery, Marine x2  
  128  7:49  SCV  
  128  7:50  Refinery, SCV  
  134  7:56  Marine  
  135  8:04  Marine x2  
  135  8:05  Marine x2  
  139  8:13  Marine  
  140  8:20  Marine x2  
  140  8:21  Marine  
  140  8:22  Marine x2  
  135  8:50  Marine x8  
Tags
 
Add a new tag
Caveats
  • Supply blocks, unpowered buildings, or Contaminate may cause inaccurate times.
  • Supply counts are checked every 10 seconds.